 Dungeon Crawl Stone Soup version 0.21.1-1-g345015f (webtiles) character file.

6627 wojtek the Cleaver (level 10, -18/90 HPs)
             Began as a Minotaur Fighter on July 7, 2018.
             Was an Elder of Okawaru.
             Demolished by a two-headed ogre
             ... wielding a +0 giant club
              (27 damage)
             ... on level 8 of the Dungeon.
             The game lasted 00:14:17 (10258 turns).

wojtek the Cleaver (Minotaur Fighter)              Turns: 10258, Time: 00:14:18

Health: -18/90     AC:  6    Str: 24    XL:     10   Next: 72%
Magic:  13/13      EV:  8    Int:  5    God:    Okawaru [****..]
Gold:   660        SH: 11    Dex: 10    Spells: 9/9 levels left

rFire    . . .     SeeInvis .   a - +1 war axe
rCold    . . .     Gourm    .   c - +0 shield
rNeg     . . .     Faith    .   n - +0 plate armour
rPois    .         Spirit   .   (helmet restricted)
rElec    .         Reflect  .   s - +0 cloak
rCorr    .         Harm     .   z - +0 pair of gloves
MR       .....                  e - +0 pair of boots
Stlth    ..........             (no amulet)
HPRegen  0.25/turn              D - ring of stealth
MPRegen  0.13/turn              (no ring)

@: corroded
A: retaliatory headbutt, horns 2
a: Heroism, Renounce Religion


You were on level 8 of the Dungeon.
You worshipped Okawaru.
Okawaru was greatly pleased with you.
You were not hungry.

You visited 1 branch of the dungeon, and saw 9 of its levels.
You also visited: Ossuary.

You collected 660 gold pieces.

Inventory:

Hand Weapons
 a - a +1 war axe (weapon)
Armour
 c - a +0 shield (worn)
 e - a +0 pair of boots (worn)
 n - a +0 plate armour (worn)
 s - a +0 cloak (worn)
 z - a +0 pair of gloves (worn)
 G - a +0 plate armour
 K - the cursed +1 scale mail of the Comet {rC+ rN+ MP+9}
   (You found it on level 8 of the Dungeon)

   It protects you from cold.
   It protects you from negative energy.
   It affects your magic capacity (+9).
   It has a curse placed upon it.
 N - the cursed +1 leather armour "Poamusk" {*Corrode +Fly Slay+3, unknown}
   (You found it on level 8 of the Dungeon)

   It affects your accuracy and damage with ranged weapons and melee attacks
   (+3).
   It lets you fly.
   It may corrode you when you take damage.
   It has a curse placed upon it.
Jewellery
 k - an uncursed ring of fire
 D - a ring of stealth (left hand)
Wands
 t - a wand of iceblast (11)
 y - a wand of flame (38)
 A - a wand of disintegration (13)
 E - a wand of paralysis (8)
 F - a wand of random effects (27)
Scrolls
 i - 6 scrolls of remove curse
 j - 5 scrolls of teleportation
 l - 2 scrolls of blinking {unknown}
 m - 7 scrolls of enchant weapon
 o - 3 scrolls of identify
 r - 2 scrolls of amnesia {unknown}
 w - 2 scrolls of magic mapping {unknown}
 x - a scroll of enchant armour {unknown}
 H - 2 scrolls of fear {unknown}
 M - a scroll of immolation {unknown}
Potions
 b - 2 potions of lignification {unknown}
 d - 3 potions of might
 g - a potion of magic {unknown}
 h - 6 potions of agility {unknown}
 p - 5 potions of degeneration {unknown}
 q - a potion of curing {unknown}
 v - 3 potions of brilliance {unknown}
 B - 2 potions of haste {unknown}
 I - 4 potions of heal wounds {unknown}
 J - a potion of resistance {unknown}
 L - 3 potions of ambrosia {unknown}
Books
 u - a book of Changes

   Spells                             Type                      Level
   a - Beastly Appendage              Transmutation                1
   b - Sticks to Snakes               Transmutation                2
   c - Spider Form                    Transmutation/Poison         3
   d - Ice Form                       Ice/Transmutation            4
   e - Blade Hands                    Transmutation                5
 C - a book of Cantrips

   Spells                             Type                      Level
   a - Confusing Touch                Hexes                        1
   b - Animate Skeleton               Necromancy                   1
   c - Summon Small Mammal            Summoning                    1
   d - Apportation                    Translocation                1
 P - a book of Power

   Spells                             Type                      Level
   a - Iskenderun's Battlesphere      Conjuration/Charms           5
   b - Venom Bolt                     Conjuration/Poison           5
   c - Bolt of Magma                  Conjuration/Fire/Earth       5
   d - Iron Shot                      Conjuration/Earth            6
   e - Orb of Destruction             Conjuration                  7
   f - Spellforged Servitor           Conjuration/Summoning        7
Comestibles
 f - 12 rations
 O - 3 chunks of flesh


   Skills:
 + Level 8.5 Fighting
 + Level 10.1 Axes
 + Level 8.5 Armour
 + Level 7.0 Dodging
 + Level 8.4 Shields
 * Level 6.0 Invocations
 - Level 0.8 Evocations


You had 9 spell levels left.
You didn't know any spells.

Dungeon Overview and Level Annotations

Branches:
Dungeon (9/15)             Temple (0/1) D:6
   Lair: D:8-11         Orc: D:9-12

Altars:
Dithmenos
Fedhas
Okawaru
Qazlal
Vehumet
Wu Jian
The Shining One
Beogh

Annotations:
D:1 flight?
D:9 Joseph


Innate Abilities, Weirdness & Mutations

You reflexively headbutt those who attack you in melee.
You have a pair of horns on your head.


Message History

You furiously retaliate!
You headbutt the two-headed ogre, but do no damage.
You block the two-headed ogre's attack.
You hit the two-headed ogre but do no damage.
The two-headed ogre is heavily wounded.
The two-headed ogre hits you with a giant club!!
The two-headed ogre hits you with a giant club.
You slash the two-headed ogre!
The two-headed ogre is severely wounded.
You hit the two-headed ogre but do no damage.
You headbutt the two-headed ogre, but do no damage.
The two-headed ogre is severely wounded.
The two-headed ogre hits you with a giant club!! x2
* * * LOW HITPOINT WARNING * * *
You barely miss the two-headed ogre.
Your headbutt misses the two-headed ogre.
The two-headed ogre is severely wounded.
The two-headed ogre closely misses you.
The two-headed ogre hits you with a giant club!!
You die...

.#########......................#
...............####..#.#####..##.
##########.###.# #..#.####......
#.# #.####...........##.
##########.# #.......#.####..####
#.......##.# #.#######.# #..# #
#.#####.##.# #.#######.# #..# #
#.#...#.##.###.##......# #..####
#.#...#..[...(..@.###### #......
#.#...#..).....#O## #.#####
#.##'##[.#######.# #.# #........#
####.# #.# ##..###.##
##.##.##########.# #.## #.#
#.#..............#####
#.####.#####.##.#######.........
##............##.#######.########
.........................#


You could see a two-headed ogre.

Vanquished Creatures
  The ghost of lotte the Thaumaturge, a novice DEEE of Vehumet (D:7)
  The ghost of Fathero2 the Cleaver, a novice HOFi of Makhleb (D:8)
  A troll (D:7)
  Prince Ribbit (D:5)
  2 hippogriffs (D:8)
  A hungry ghost (D:8)
  Eustachio (D:5)
  A water moccasin (D:6)
  4 ice beasts
  6 orc warriors
  4 phantoms
  3 sky beasts
  4 ogres
  2 centaurs
  The ghost of WinstonMain the Gusty, an amateur DrAE (D:3)
  2 elf zombies (Ossuary)
  3 bullfrogs
  A water moccasin zombie (D:5)
  4 wights (D:6)
  A howler monkey (D:7)
  4 crimson imps
  2 bullfrog zombies (D:7)
  3 jellies
  3 centaur zombies
  A bullfrog skeleton (D:5)
  3 hounds
  A human zombie (Ossuary)
  10 orc priests
  A centaur skeleton (D:5)
  8 orc wizards
  Ijyb (D:4)
  8 worker ants
  Terence (D:3)
  A big kobold zombie (Ossuary)
  A hound zombie (D:5)
  3 mummies (Ossuary)
  A hound skeleton (D:4)
  A worker ant zombie (D:8)
  3 gnolls (D:5)
  15 adders
  2 oozes
  An adder skeleton (D:5)
  3 adder zombies
  A worm (D:5)
  2 dart slugs
  4 leopard geckos
  46 orcs
  3 ball pythons (D:3)
  7 giant cockroaches
  2 goblins
  4 hobgoblins (D:1)
  8 jackals
  7 kobolds
  3 quokkas
  12 bats
  3 frilled lizards
  2 gnoll zombies (Ossuary)
  2 goblin zombies (Ossuary)
  A hobgoblin zombie (Ossuary)
  A jackal skeleton (D:4)
  5 jackal zombies (Ossuary)
  2 kobold zombies (Ossuary)
  A leopard gecko skeleton (D:5)
  A leopard gecko zombie (D:6)
  2 orc zombies (Ossuary)
  5 quokka zombies (Ossuary)
  7 rats
  3 rat zombies (Ossuary)
  3 fungi (D:1)
258 creatures vanquished.

Notes
Turn   | Place    | Note
-------+----------+-------------------------------------------
     0 | D:1      | wojtek the Minotaur Fighter began the quest for the Orb.
     0 | D:1      | Reached XP level 1. HP: 19/19 MP: 0/0
    36 | D:1      | Reached skill level 3 in Axes
    38 | D:1      | Reached XP level 2. HP: 25/26 MP: 1/1
   140 | D:1      | Reached skill level 4 in Axes
   289 | D:1      | Reached XP level 3. HP: 29/31 MP: 2/2
   878 | D:2      | Found an ornate altar of the Wu Jian Council.
   949 | D:2      | Reached skill level 5 in Axes
  1106 | D:2      | Reached XP level 4. HP: 39/39 MP: 3/3
  1481 | D:3      | Noticed WinstonMain's ghost (amateur DrAE)
  1505 | D:3      | Killed WinstonMain's ghost
  1505 | D:3      | Reached skill level 6 in Axes
  1505 | D:3      | Reached XP level 5. HP: 11/45 MP: 4/4
  1835 | D:3      | Found a glowing golden altar of the Shining One.
  2117 | D:3      | Reached skill level 1 in Dodging
  2135 | D:3      | Noticed Terence
  2144 | D:3      | Killed Terence
  2454 | D:4      | Reached XP level 6. HP: 51/52 MP: 5/5
  2514 | D:4      | Noticed Ijyb
  2531 | D:4      | Killed Ijyb
  2622 | D:4      | Found a stormy altar of Qazlal.
  2729 | D:4      | Reached skill level 7 in Axes
  3035 | D:4      | Reached XP level 7. HP: 52/60 MP: 6/6
  3247 | D:5      | Entered Level 5 of the Dungeon
  3304 | D:5      | Noticed Eustachio
  3322 | D:5      | Killed Eustachio
  3383 | D:5      | Reached skill level 5 in Fighting
  3383 | D:5      | Reached skill level 5 in Armour
  3408 | D:5      | Noticed Prince Ribbit
  3423 | D:5      | Killed Prince Ribbit
  3423 | D:5      | Reached skill level 5 in Shields
  3649 | D:5      | Reached XP level 8. HP: 44/69 MP: 7/7
  3849 | D:5      | Reached skill level 8 in Axes
  4537 | D:6      | Found a shadowy altar of Dithmenos.
  4752 | D:6      | Reached skill level 5 in Dodging
  4822 | D:6      | Found a staircase to the Ecumenical Temple.
  4844 | D:6      | Found an iron altar of Okawaru.
  4856 | D:6      | Became a worshipper of Warmaster Okawaru
  4870 | D:6      | Found a radiant altar of Vehumet.
  4881 | D:6      | Reached XP level 9. HP: 78/78 MP: 8/8
  4948 | D:6      | Reached skill level 1 in Invocations
  5417 | D:6      | Found a runed door.
  5837 | D:6      | Reached * piety under Okawaru
  5952 | D:6      | Found a roughly hewn altar of Beogh.
  6071 | D:6      | Found a staircase to the Ecumenical Temple.
  6091 | D:6      | Found an iron altar of Okawaru.
  6110 | D:6      | Found a radiant altar of Vehumet.
  6428 | D:6      | Found a shadowy altar of Dithmenos.
  6692 | D:7      | Reached skill level 9 in Axes
  7293 | D:7      | Reached ** piety under Okawaru
  7401 | D:7      | Noticed lotte's ghost (novice DEEE)
  7429 | D:7      | Killed lotte's ghost
  7429 | D:7      | Reached XP level 10. HP: 23/88 MP: 10/12
  8370 | D:8      | Noticed Fathero2's ghost (novice HOFi)
  8511 | D:8      | Found a blossoming altar of Fedhas.
  8558 | D:8      | Got a warped scale mail
  8584 | D:8      | Found a sand-covered staircase.
  8596 | D:8      | Reached *** piety under Okawaru
  8606 | Ossuary  | Entered an ossuary
  8983 | D:8      | Killed Fathero2's ghost
  8983 | D:8      | Reached skill level 5 in Invocations
  9076 | D:8      | Got a distressingly furry leather armour
  9501 | D:8      | Reached **** piety under Okawaru
  9691 | D:9      | Reached skill level 10 in Axes
  9891 | D:8      | Identified the cursed +1 scale mail of the Comet {rC+ rN+ MP+9} (You found it on level 8 of the Dungeon)
 10245 | D:9      | Noticed a two-headed ogre
 10246 | D:9      | Noticed Joseph
 10258 | D:8      | Demolished by a two-headed ogre

Skill      XL: |  1  2  3  4  5  6  7  8  9 10 |
---------------+-------------------------------+-----
Axes           | 3 4 5 6 7 8 9 10 | 10.1
Dodging        | 1 2 3 5 6 7 |  7.0
Fighting       | 4 5 6 7 8 |  8.5
Armour         | 4 5 6 7 8 |  8.5
Shields        | 4 5 6 7 8 |  8.4
Invocations    | 4 6 |  6.0
Evocations     | |  0.8

Action                   |  1- 3 |  4- 6 |  7- 9 | 10-12 || total
-------------------------+-------+-------+-------+-------++-------
Melee: War axe           |   111 |   156 |   392 |   291 ||   950
       Headbutt          |    14 |    26 |    72 |    64 ||   176
  Use: Scroll            |       |       |       |     4 ||     4
  Eat: Chunk             |     1 |     6 |    11 |     6 ||    24
       Ration            |       |       |     1 |     2 ||     3
Armor: Scale mail        |    53 |    74 |    95 |       ||   222
       Plate armour      |       |       |    31 |   114 ||   145
Dodge: Dodged            |    40 |    44 |    95 |    70 ||   249
Block: Shield            |    65 |    87 |   177 |   137 ||   466
